 Dungeon Crawl Stone Soup version 0.17-a0-1646-geb1493d (webtiles) character file.

68 matakusis the Magician (level 4, -3/24 HPs)
             Began as a Deep Elf Wizard on Aug 9, 2015.
             Killed by divine providence
             ... invoked by an orc priest
              (15 damage)
             ... on level 3 of the Dungeon.
             The game lasted 00:11:17 (1748 turns).

matakusis the Magician (Deep Elf Wizard)            Turns: 1748, Time: 00:11:17

Health: -3/24      AC:  9    Str:  7    XL:     4   Next: 1%
Magic:  3/13       EV: 12    Int: 24    God:
Gold:   114        SH:  0    Dex: 13    Spells: 3 memorised, 9 levels left

rFire  . . .     SeeInvis .     h - +0 dagger
rCold  . . .     Clarity  .     o - +3 leather armour
rNeg   . . .     SustAt   .     (no shield)
rPois  .         Gourm    .     b - +0 hat
rElec  .         Spirit   .     (no cloak)
rCorr  .         Warding  .     p - +2 pair of gloves {Str+3}
rMut   .         Stasis   .     (no boots)
MR     .....                    (no amulet)
Stlth  ++........               (no ring)
                                (no ring)

@: not resistant to hostile enchantments, unstealthy
A: no striking features
a: no special abilities


You were on level 3 of the Dungeon.
You were not hungry.

You visited 1 branch of the dungeon, and saw 3 of its levels.

You collected 114 gold pieces.

Inventory:

Hand weapons
 h - a +0 dagger (weapon)
Armour
 b - a +0 hat (worn)
 o - a +3 leather armour (worn)
 p - a +2 pair of gloves of strength (worn)
Scrolls
 a - 2 scrolls of immolation {unknown}
 e - 2 scrolls of identify {unknown}
 f - a scroll of recharging {unknown}
 g - a scroll of fear {unknown}
 r - 2 scrolls of teleportation {unknown}
Potions
 i - a potion of agility {unknown}
 m - a potion of ambrosia {unknown}
 s - a potion of magic {unknown}
 t - a potion of curing {unknown}
 u - 2 potions of heal wounds {unknown}
Books
 c - a book of Minor Magic

   Spells                             Type                      Level
   a - Magic Dart                     Conjuration                  1
   b - Blink                          Translocation                2
   c - Call Imp                       Summoning                    2
   d - Repel Missiles                 Charms/Air                   2
   e - Slow                           Hexes                        2
   f - Conjure Flame                  Conjuration/Fire             3
   g - Mephitic Cloud                 Conjuration/Poison/Air       3
Comestibles
 d - a bread ration
 j - a slice of pizza
 k - a beef jerky
 n - 2 meat rations
 q - 2 fruits


   Skills:
 + Level 0.1 Fighting
 + Level 2.6 Dodging
 + Level 2.7 Stealth
 + Level 5.8 Spellcasting
 + Level 1.9 Conjurations
 + Level 1.8 Summonings
 - Level 1.1 Translocations


You had 9 spell levels left.
You knew the following spells:

 Your Spells              Type           Power        Failure   Level  Hunger
a - Magic Dart            Conj           ###.         8%          1    None
b - Blink                 Tloc           N/A          12%         2    None
c - Call Imp              Summ           ###.....     12%         2    None


Dungeon Overview and Level Annotations

Branches:
Dungeon (3/15)

Altars:
Elyvilon
Ru


Message History

The orc priest calls upon Beogh to heal the orc.
The orc is healed somewhat.
Found 20 stones.
You miss something.
Your crimson imp disappears in a puff of smoke!
Something hits you but does no damage. The orc barely misses you.
Your crimson imp blinks!
All of the chunks of flesh in your inventory have rotted away.
Something hits you but does no damage.
The orc priest miscasts a cantrip.
An orc wizard appears from thin air!
Reactivating autopickup.
Your crimson imp disappears in a puff of smoke!
The orc wizard gestures at you while chanting.
The puff of flame hits you!
Your magical contamination has completely faded away.
The orc priest mumbles some strange prayers to Beogh against you.
Something smites you!
Ouch! That really hurt!
You die...

.........(..(....>..(.......
#......###)....†.........###
#..###.###.#................
# ###J##..<)#.....#.....###
#..{......#..............
#...##....#....o#K#(.....
#...####......o.o.#.#.###
#...# #.#.......##.#.# #...#
#.#...@...# .# # .....
^......+##.# ##...# ....###+
#.# #... ....# ..# .. ###


You could see an orc priest, an orc wizard, an orc and a kobold.

Vanquished Creatures
  An adder (D:2)
  A giant gecko (D:1)
  A bat (D:2)
  5 giant cockroaches
  4 hobgoblins (D:2)
  2 ball pythons (D:1)
  3 giant newts
  6 goblins
  6 kobolds
  7 rats
36 creatures vanquished.

Vanquished Creatures (collateral kills)
  An adder (D:1)
  An ooze (D:3)
  2 worms (D:2)
  2 orcs (D:3)
  A bat (D:1)
  A hobgoblin (D:1)
  2 kobolds (D:1)
  A goblin (D:3)
11 creatures vanquished.

Grand Total: 47 creatures vanquished

Notes
Turn   | Place    | Note
--------------------------------------------------------------
     0 | D:1      | matakusis the Deep Elf Wizard began the quest for the Orb.
     0 | D:1      | Reached XP level 1. HP: 10/10 MP: 7/7
   299 | D:1      | Reached XP level 2. HP: 15/15 MP: 1/9
   303 | D:1      | Learned a level 2 spell: Blink
   306 | D:1      | Learned a level 2 spell: Call Imp
   461 | D:1      | Reached skill level 5 in Spellcasting
  1042 | D:1      | Reached XP level 3. HP: 19/19 MP: 3/11
  1348 | D:2      | Found a faded altar to an unknown god.
  1356 | D:2      | Became a worshipper of Elyvilon the Healer
  1356 | D:2      | Acquired Elyvilon's first power
  1478 | D:2      | Fell from the grace of Elyvilon
  1589 | D:2      | Found a sacrificial altar of Ru.
  1726 | D:3      | Reached XP level 4. HP: 20/24 MP: 1/13
  1748 | D:3      | Killed from afar by an orc priest

Vault maps used:
D:1:      dpeg_arrival_boxorama, minmay_crystal_water, minmay_misc_feat_doors
D:2:      nicolae_ru_path_of_blood, ecumenical_altar_1

Action                   |  1- 3 |  4- 6 || total
-------------------------+-------+-------++-------
Melee: Dagger            |    31 |     5 ||    36
 Cast: Magic Dart        |    75 |     1 ||    76
       Call Imp          |    17 |       ||    17
       Blink             |     2 |       ||     2
Invok: Renounce Religion |     1 |       ||     1
  Eat: Chunk             |     2 |       ||     2
